Map: Prion Terraces

Players

Mariuslol

  • Race: Zerg Zerg
  • League: Diamond

MorN - Winner!

  • Race: Terran Terran
  • League: Master

VOD

Have the link to the VOD?

Description

Time

  • Played on: Nov. 20, 2015, 6:04 p.m.
  • Length: 15:29
Show
View Real Time Build Order
Export as new Build Order

Mariuslol Zerg 

Build Orders: Hatch First 

Get SALT Encoding   

  12  0:01  Drone  
  13  0:13  Overlord  
  13  0:18  Drone  
  14  0:32  Drone  
  14  0:33  Drone  
  16  0:36  Drone  
  17  0:53  Hatchery  
  16  0:57  Drone  
  16  1:00  Drone  
  18  1:05  Extractor  
  17  1:16  Spawning Pool  
  17  1:18  Drone  
  17  1:20  Drone  
  18  1:30  Drone  
  19  1:41  Overlord  
  19  1:51  Drone  
  20  2:01  Drone  
  20  2:07  Queen  
  20  2:08  Queen, Zergling x2  
  24  2:12  Metabolic Boost  
  26  2:16  Zergling x4  
  28  2:23  Drone  
  28  2:28  Drone  
  30  2:42  Drone x2  
  30  2:44  Queen  
  32  2:49  Overlord  
  34  2:56  Drone  
  35  3:02  Hatchery  
  35  3:04  Drone  
  35  3:13  Drone x3  
  38  3:21  Drone x2  
  38  3:22  Overlord  
  38  3:23  Drone  
  38  3:24  Drone  
  41  3:31  Queen  
  43  3:39  Drone  
  43  3:41  Overlord  
  44  3:43  Extractor  
  44  3:44  Extractor  
  44  3:47  Drone x3  
  44  3:59  Drone  
  44  4:00  Drone x3  
  44  4:01  Drone, Roach Warren  
  48  4:05  Drone x2  
  48  4:06  Drone  
  51  4:15  Drone x2  
  53  4:17  Drone x2  
  53  4:21  Overlord  
  55  4:26  Zergling x2  
  56  4:33  Lair  
  56  4:35  Zergling x10  
  61  4:39  Overlord  
  61  4:40  Zergling x4  
  63  4:46  Roach x3  
  63  4:48  Drone  
  63  4:50  Overlord  
  70  4:58  Drone x2, Overlord, Extractor  
  67  5:16  Roach  
  67  5:17  Roach x9  
  83  5:25  Overlord  
  83  5:27  Overlord  
  83  5:34  Overlord  
  83  5:35  Nydus Network  
  82  5:36  Roach x3  
  79  5:57  Spore Crawler  
  79  6:01  Drone x3  
  78  6:07  Drone  
  78  6:08  Drone  
  78  6:09  Drone x9, Queen  
  90  6:19  Spore Crawler  
  90  6:20  Nydus Canal  
  85  6:38  Hatchery, Roach x4  
  91  6:41  Overseer  
  91  6:44  Roach x2  
  89  6:49  Roach  
  81  7:03  Roach x3  
  81  7:06  Drone  
  81  7:07  Drone x4  
  74  7:18  Drone x3  
  74  7:19  Drone x2  
  77  7:25  Overseer  
  78  7:30  Drone x3  
  80  7:40  Drone  
  80  7:41  Drone x7  
  80  7:42  Drone  
  89  7:46  Overlord  
  89  7:48  Drone x2  
  91  8:00  Glial Reconstitution  
  91  8:01  Evolution Chamber  
  91  8:02  Evolution Chamber  
  91  8:05  Drone  
  90  8:06  Drone x6  
  90  8:08  Extractor  
  90  8:11  Pneumatized Carapace  
  95  8:16  Extractor  
  94  8:22  Overlord  
  94  8:23  Roach x5  
  94  8:27  Zerg Missile Weapons Level 1  
  104  8:28  Zerg Ground Armor Level 1  
  104  8:30  Ravager x2  
  104  8:31  Ravager x3  
  109  8:36  Overlord  
  109  8:38  Roach x2  
  109  8:39  Roach  
  114  8:48  Overlord  
  114  8:54  Spine Crawler  
  104  8:58  Extractor  
  104  8:59  Extractor  
  104  9:02  Overlord  
  102  9:03  Overlord  
  102  9:08  Drone x2  
  102  9:09  Drone  
  105  9:11  Ravager  
  105  9:12  Ravager x4, Overseer  
  110  9:19  Drone x4  
  110  9:23  Drone  
  115  9:33  Overlord x2  
  115  9:34  Roach x5  
  115  9:35  Roach x2  
  129  9:41  Drone x2  
  129  9:45  Roach  
  133  9:53  Overlord  
  133  9:55  Overlord  
  133  9:57  Roach x5  
  143  10:00  Spine Crawler, Infestation Pit  
  143  10:02  Drone x2  
  143  10:03  Queen  
  145  10:10  Nydus Canal  
  145  10:14  Overlord  
  145  10:15  Drone  
  145  10:16  Drone, Roach  
  145  10:17  Roach x2  
  153  10:42  Spine Crawler x2  
  152  10:46  Zerg Missile Weapons Level 2  
  152  10:48  Roach  
  152  10:49  Roach x7  
  167  10:50  Roach  
  164  11:05  Drone x6  
  164  11:06  Hive  
  164  11:11  Roach  
  172  11:12  Ravager x2, Hydralisk Den  
  172  11:13  Ravager x2  
  172  11:14  Ravager x2  
  172  11:15  Ravager  
  172  11:16  Ravager  
  172  11:17  Ravager  
  180  11:18  Drone  
  180  11:24  Overseer  
  181  11:34  Roach  
  181  11:35  Roach x5  
  191  11:43  Roach x4  
  191  11:46  Roach x2  
  195  11:49  Roach  
  149  12:05  Roach x7  
  149  12:06  Roach x2  
  147  12:16  Roach x2  
  147  12:17  Roach x3  
  147  12:21  Roach x3  
  147  12:22  Overseer  
  163  12:28  Ravager x4  
  163  12:29  Ravager x4  
  160  12:42  Lair, Roach  
  160  12:43  Roach x8  
  153  12:44  Roach  
  141  12:54  Roach  
  141  12:57  Roach x2  
  145  13:10  Roach x2  
  145  13:12  Hatchery  
  146  13:18  Roach x3  
  97  13:31  Hydralisk x4  
  102  13:38  Hydralisk x3  
  108  13:52  Hydralisk x2  
  108  13:53  Hydralisk x3  
  108  13:55  Ravager x3  
  119  13:56  Ravager x2  
  123  14:08  Roach  
  123  14:09  Roach x5  
  135  14:13  Roach x2  
  139  14:19  Roach x3  
  139  14:21  Overseer  
  141  14:31  Hydralisk x2  
  141  14:37  Hydralisk x3  
  118  14:40  Hydralisk x2  
  122  14:46  Roach x3  
  122  14:50  Roach x2  
  132  14:57  Drone x2  
  132  14:58  Drone x3  
  137  15:00  Drone x2  
  139  15:10  Roach x3  
Show
View Real Time Build Order
Export as new Build Order

MorN Terran - Winner!

Build Orders: Reaper Expand, MMM Bio 

Get SALT Encoding   

  12  0:00  SCV  
  13  0:13  SCV  
  14  0:17  Supply Depot  
  14  0:27  SCV  
  15  0:39  SCV  
  15  0:40  Barracks  
  16  0:50  Refinery  
  16  0:51  SCV  
  17  1:03  SCV  
  18  1:16  SCV  
  19  1:30  Orbital Command  
  19  1:35  Reaper  
  20  1:40  Command Center  
  20  1:49  Supply Depot  
  20  1:58  SCV  
  21  2:07  Reaper  
  22  2:12  SCV  
  23  2:24  SCV  
  24  2:34  Factory  
  23  2:51  SCV  
  23  2:54  Orbital Command  
  23  2:55  Barracks Reactor  
  24  2:58  Command Center  
  24  3:03  SCV  
  25  3:16  SCV, Refinery  
  26  3:28  SCV  
  26  3:32  Starport  
  27  3:37  SCV  
  27  3:40  SCV  
  29  3:45  Barracks Reactor, Hellion x2  
  33  3:54  SCV  
  33  3:55  SCV  
  34  4:07  SCV x2  
  34  4:08  Hellion x2  
  40  4:13  Orbital Command, Liberator  
  40  4:16  Supply Depot  
  40  4:19  SCV  
  41  4:25  SCV, Liberator  
  41  4:31  SCV  
  46  4:32  Hellion x2  
  46  4:35  Refinery  
  46  4:36  Refinery  
  46  4:37  SCV  
  51  4:43  SCV  
  51  4:44  SCV  
  56  4:47  Supply Depot  
  56  4:49  SCV  
  56  4:50  Barracks Tech Lab  
  57  4:55  SCV  
  57  4:56  SCV  
  57  4:59  Barracks  
  59  5:01  SCV  
  59  5:04  Barracks  
  59  5:06  Factory Reactor  
  60  5:07  SCV, Liberator  
  60  5:08  SCV  
  60  5:16  SCV  
  60  5:18  Bunker  
  60  5:19  SCV  
  60  5:20  Liberator  
  60  5:21  Supply Depot  
  56  5:22  Engineering Bay  
  56  5:23  Stimpack, Engineering Bay, Marine  
  56  5:26  SCV  
  57  5:33  SCV x2  
  59  5:36  Supply Depot  
  62  5:47  Orbital Command  
  62  5:48  Marine  
  63  5:58  SCV x2  
  63  5:59  Factory Reactor  
  63  6:01  Marine x4  
  63  6:03  Terran Infantry Weapons Level 1, Terran Infantry Armor Level 1  
  69  6:06  Marine  
  69  6:10  Barracks  
  67  6:11  Barracks  
  67  6:18  SCV  
  67  6:19  Marine  
  67  6:20  Marine  
  67  6:21  Marine x2  
  67  6:23  Medivac x2  
  76  6:29  Marine  
  77  6:39  Marine  
  78  6:42  Marine x2  
  77  6:47  Marine x2  
  78  7:00  Marine x2  
  66  7:14  SCV x3  
  67  7:15  Marine  
  67  7:16  Marine x2  
  71  7:26  SCV x2  
  73  7:30  SCV  
  73  7:31  Marine x2  
  73  7:33  Barracks Reactor x2, Factory Reactor, Marine  
  73  7:34  Medivac x2  
  80  7:38  SCV x2  
  80  7:42  SCV  
  83  7:48  Marine  
  83  7:49  Marine x3  
  83  7:50  SCV  
  83  7:51  SCV  
  89  7:56  Supply Depot  
  87  8:00  SCV  
  87  8:01  Marine  
  87  8:03  SCV x2, Combat Shields  
  91  8:06  Armory, Marine x2  
  93  8:13  Barracks x2  
  93  8:14  Supply Depot, Barracks  
  93  8:17  SCV x3, Marine  
  97  8:20  Marine  
  97  8:21  Marine x3  
  97  8:25  Refinery  
  97  8:26  Refinery  
  101  8:27  Supply Depot  
  101  8:30  Supply Depot  
  101  8:35  Widow Mine  
  101  8:36  SCV x2, Marauder, Marine x2  
  101  8:37  Command Center  
  109  8:48  Marine x4, Widow Mine  
  114  8:57  Marine  
  114  8:58  Marine x3, Marauder  
  114  9:01  Barracks Reactor, Barracks Tech Lab  
  120  9:02  Barracks Tech Lab  
  120  9:04  Widow Mine  
  120  9:06  Marine x3  
  120  9:07  SCV x2  
  118  9:11  Medivac  
  118  9:15  Terran Infantry Weapons Level 2  
  118  9:16  Supply Depot, Starport, Widow Mine  
  122  9:19  Marauder  
  122  9:21  Terran Infantry Armor Level 2  
  124  9:35  Marine  
  124  9:37  Marine x2, Widow Mine  
  124  9:38  Marauder x2  
  133  9:40  Supply Depot, Marauder, Marine x3  
  133  9:41  Supply Depot  
  138  9:59  Marauder x2  
  142  10:00  Widow Mine  
  142  10:02  Marauder  
  142  10:05  Widow Mine  
  148  10:16  Marine x3  
  148  10:20  Supply Depot, Starport Reactor, Marine x2  
  148  10:21  Supply Depot, Marine x2, Marauder x2  
  157  10:23  Marauder  
  161  10:33  Marine x2  
  163  10:40  Liberator x2  
  163  10:42  Marine x3, Marauder x2  
  169  10:44  Marauder  
  169  10:45  Planetary Fortress  
  172  10:56  Marine x3  
  171  11:02  Refinery  
  171  11:03  Marauder x2  
  181  11:04  Refinery  
  181  11:06  Marauder  
  181  11:09  Sensor Tower  
  183  11:11  Marine  
  183  11:12  Marine  
  183  11:13  Marine  
  186  11:19  Liberator x2  
  186  11:25  Command Center x2, Marauder x2  
  190  11:27  Marauder  
  190  11:32  Marine  
  186  11:40  Medivac  
  186  11:43  Marine x2  
  186  11:46  Marauder x2  
  185  11:49  Marauder  
  185  11:50  Marine x2  
  188  11:57  Liberator  
  188  11:58  Marine x2  
  171  12:05  Terran Infantry Weapons Level 3  
  171  12:07  Marauder x2  
  167  12:10  Marauder  
  167  12:12  Marine x2  
  161  12:20  Marine x2  
  161  12:21  Marine x2  
  165  12:26  Marine x2  
  165  12:29  Marauder x2  
  171  12:31  Marauder  
  162  12:39  Marine x2  
  162  12:40  Marine  
  143  12:45  Marine x2  
  143  12:50  Marauder x2  
  138  12:52  Marine x3  
  138  12:53  Marauder  
  138  12:58  Medivac  
  141  12:59  Medivac x2  
  145  13:12  Marauder x2  
  149  13:14  Marauder  
  149  13:15  Liberator  
  128  13:26  Marine x2  
  113  13:27  Marine x3  
  113  13:28  Marine x3  
  113  13:29  Widow Mine x2  
  113  13:30  Medivac x2  
  113  13:33  Marauder x2  
  134  13:36  Marauder  
  136  13:49  Marine  
  136  13:50  Liberator x2, Marine x6  
  136  13:54  Marauder x2  
  147  13:57  Marauder  
  147  13:58  Planetary Fortress  
  147  14:02  Marine x2  
  150  14:03  Marine  
  150  14:07  Marine  
  159  14:12  Marine x2  
  159  14:14  Marine x2  
  159  14:16  Marauder x2, Marine x2  
  169  14:18  Marauder  
  169  14:20  Marine  
  172  14:27  Marine  
  172  14:28  Marine  
  172  14:30  Marine x2  
  174  14:32  Marine x2  
  174  14:37  Marauder x2  
  170  14:38  Marine x2  
  170  14:40  Marauder  
  170  14:43  Marine  
  170  14:44  Marine  
  176  14:53  Marine x3  
  176  14:58  Marauder  
  176  14:59  Marine x3, Marauder  
  185  15:00  Marine x2  
  185  15:01  Marauder  
Tags
 
Add a new tag
Caveats
  • Supply blocks, unpowered buildings, or Contaminate may cause inaccurate times.
  • Supply counts are checked every 10 seconds.